 Dungeon Crawl Stone Soup version 0.30-b1-2-g02819fbbbe (webtiles) character file.

Game seed: 3605203665667838860

4270 seren the Destroyer (level 10, -8/81 HPs)
             Began as a Deep Elf Conjurer on Dec 28, 2023.
             Was a Priest of Vehumet.
             Mangled by a hornet (9 damage)
             ... on level 8 of the Dungeon on Dec 30, 2023.
             The game lasted 01:26:02 (10980 turns).

seren the Destroyer (Deep Elf Conjurer)            Turns: 10980, Time: 01:26:03

Health: -8/81      AC: 25    Str:  5 (7)  XL:     10   Next: 10%
Magic:  24/24      EV:  2    Int: 32 (34) God:    Vehumet [***...]
Gold:   395        SH:  0    Dex: 12 (13) Spells: 8/26 levels left

rFire   . . .        F - +12 quarterstaff of Ketzoaf {venom, Str+3}
rCold   . . .        (shield currently unavailable)
rNeg    . . .        d - melded +0 steam dragon scales
rPois   +            y - melded +0 helmet
rElec   .            f - melded +0 cloak
rCorr   .            O - melded +2 pair of gloves
SInv    .            H - melded +0 pair of boots
Will    +....        N - amulet of Vitality {RegenMP++ Regen++}
Stlth   +++          J - +6 ring of intelligence
HPRegen 1.93/turn    (no ring)
MPRegen 0.99/turn

%: no passive effects
@: lethally poisoned (-8 -> -9), tree-form, invisible
A: stationary, stasis, torment immunity, boosted hp
a: Renounce Religion


You were on level 8 of the Dungeon.
You worshipped Vehumet.
Vehumet was most pleased with you.
You were a tree.
You visited 2 branches of the dungeon, and saw 9 of its levels.

You collected 477 gold pieces.
You spent 82 gold pieces at shops.

Inventory:

Hand Weapons
 m - the +3 sling of Inuugih {flame, rElec rC+ SInv}
   (You found it on level 2 of the Dungeon)

   rC:        It protects you from cold.
   rElec:     It insulates you from electricity.
   SInv:      It lets you see invisible.
 E - a +3 dagger of flaming
 F - the +12 quarterstaff of Ketzoaf (weapon) {venom, Str+3}
   (You took it off a gnoll on level 6 of the Dungeon)

   Str:       It affects your strength (+3).
 L - a +2 short sword of protection
Missiles
 h - 75 stones
 r - 19 poisoned darts
Armour
 a - a +2 scale mail of cold resistance
 d - +0 steam dragon scales (melded)
 f - a +0 cloak (melded)
 t - a scarf of shadows
 x - a +1 animal skin
 y - a +0 helmet (melded)
 D - a +1 leather armour of cold resistance
 H - a +0 pair of boots (melded)
 O - a +2 pair of gloves (melded)
Magical Staves
 I - a staff of cold
Jewellery
 A - an amulet of guardian spirit
 J - a +6 ring of intelligence (left branch)
 N - the amulet of Vitality (around neck) {RegenMP++ Regen++}
   (You found it on level 7 of the Dungeon)

   [amulet of magic regeneration]

   It increases your rate of magic regeneration.
   Regen:     It increases your rate of health regeneration.
Wands
 u - a wand of flame (18)
 z - a wand of charming (6)
 B - a wand of acid (2)
Scrolls
 c - a scroll of fear {unknown}
 g - a scroll of magic mapping {unknown}
 i - a scroll of amnesia {unknown}
 k - 2 scrolls of poison
 l - 2 scrolls of vulnerability
 n - a scroll of enchant armour {unknown}
 q - a scroll of enchant weapon {unknown}
 s - 2 scrolls of blinking
 w - a scroll of teleportation
 M - a scroll of immolation {unknown}
Potions
 b - 2 potions of magic
 e - 5 potions of might
 j - 3 potions of haste
 v - a potion of lignification
 G - a potion of invisibility
 K - a potion of resistance {unknown}


   Skills:
 + Level 2.7 Fighting
 + Level 2.3 Staves
 + Level 7.6 Dodging
 - Level 6.0 Stealth
 + Level 8.5 Spellcasting
 + Level 8.7 Conjurations
 + Level 5.9 Hexes
 - Level 1.8 Fire Magic
 + Level 0.1 Ice Magic
 - Level 6.0 Evocations


You had 8 spell levels left.
You knew the following spells:

 Your Spells              Type           Power      Damage    Failure   Level
a - Magic Dart            Conj           100%       1d8       1%          1
b - Searing Ray           Conj           100%       2d8       1%          2
c - Confusing Touch       Hex            51%        N/A       1%          3
d - Freeze                Ice            56%        1d7       1%          1
e - Fulminant Prism       Conj/Hex       28%        3d13      1%          4
f - Foxfire               Conj/Fire      100%       2x1d9     1%          1
g - Dazzling Flash        Conj/Hex       100%       N/A       1%          3
h - Hailstorm             Conj/Ice       42%        3d10      1%          3

Your spell library contained the following spells:

 Spells                   Type           Power      Damage    Failure   Level
 Kiss of Death            Conj/Necr      100%       2d13      1%          1
 Iskenderun's Mystic Bla  Conj/Tloc      41%        2d9       1%          4
 Frozen Ramparts          Ice            28%        1d5       2%          3
 Gell's Gravitas          Tloc           13%        N/A       11%         3
 Teleport Other           Tloc           13%        N/A       11%         3
 Dispel Undead            Necr           13%        3d9       34%         4
 Ice Form                 Ice/Tmut       14%        N/A       34%         4
 Summon Ice Beast         Ice/Summ       14%        N/A       34%         4
 Dispersal                Tloc           6%         N/A       99%         6


Dungeon Overview and Level Annotations

Branches:
Dungeon (8/15)             Temple (1/1) D:6
   Lair: D:8-11

Altars:
Ashenzari
Cheibriados
Dithmenos
Elyvilon
Fedhas
Gozag
Hepliaklqana
Kikubaaqudgha
Makhleb
Nemelex Xobeh
Ru
Sif Muna
Trog
Uskayaw
Vehumet
Wu Jian
Xom
Yredelemnul
Zin
The Shining One

Shops:
D:7 *

Annotations:
D:3 Grinder
D:5 exclusions: door and 2 downstairs
D:8 exclusion: acid dragon


Message History

You feel very sick. The hornet stings you.
You are more poisoned.
You suddenly lose the ability to move!
The hornet stings you.
* * * LOW HITPOINT WARNING * * *
You are more poisoned.
You feel yourself slow down.
You feel yourself speed up.
You feel very sick. The hornet stings you.
* * * LOW HITPOINT WARNING * * *
You feel yourself slow down. The hornet barely misses you.
You can move again.
Really quaff the potion of lignification?
You turn into a tree.
Your +0 cloak melds into your body.
Your +0 helmet melds into your body.
Your +2 pair of gloves melds into your body.
Your +0 pair of boots melds into your body.
Your +0 steam dragon scales melds into your body.
Your roots penetrate the ground.
You feel yourself speed up.
* * * LOW HITPOINT WARNING * * *
You feel extremely sick.
The hornet stings you but does no damage. x2
It was a potion of invisibility.
You fade into invisibility!
* * * LOW HITPOINT WARNING * * *
You feel very sick. The hornet barely misses you.
The hornet stings you but does no damage.
It was a potion of flight.
Your roots keep you in place.
* * * LOW HITPOINT WARNING * * *
You feel sick.
The hornet stings you but does no damage.
It was a potion of degeneration.
There was something very wrong with that liquid.
You feel weakened.
You feel dopey.
You feel clumsy.
* * * LOW HITPOINT WARNING * * *
You feel sick. The hornet stings you!
You die...

.....##
#.............#
######
##...........##
##...........#
#...........##
##.......#..##
##.......#####
#........#
##........#
#.....♣..###
#.....y.....#
#........##.#
#...<....# #
#........#
#........##
#........#
#.........#
#..........


You could see a hornet (unable to see you, corroded).

Vanquished Creatures
  Sigmund (D:2)
  A wraith (D:6)
  2 steam dragons (D:7)
  5 water moccasins
  2 ice beasts
  A black bear (D:6)
  3 sky beasts
  4 ogres (D:5)
  6 phantoms
  A kobold brigand (D:5)
  A bullfrog (D:7)
  A gnoll sergeant (D:6)
  2 scorpions
  5 wights (D:7)
  6 killer bees (D:5)
  4 hounds
  2 orc priests (D:6)
  2 jellies
  3 gnoll boudas
  5 iguanas
  4 orc wizards
  Robin (D:2)
  15 adders
  16 gnolls
  3 white imps
  3 worms
  A dart slug (D:4)
  15 orcs
  7 endoplasms
  8 giant cockroaches
  17 goblins
  8 hobgoblins
  4 jackals (D:4)
  12 kobolds
  4 quokkas
  7 ball pythons
  7 bats
  A frilled lizard (D:2)
  13 rats
203 creatures vanquished.

Vanquished Creatures (others)
  A black bear (D:6)
  A hound (D:6)
  An iguana (D:6)
  149 foxfires
  10 fulminant prisms
  18 plants (D:5)
180 creatures vanquished.

Grand Total: 383 creatures vanquished

Notes
Turn   | Place    | Note
-------+----------+-------------------------------------------
     0 | D:1      | seren the Deep Elf Conjurer began the quest for the Orb.
     0 | D:1      | Reached XP level 1. HP: 10/10 MP: 6/6
   139 | D:1      | Reached XP level 2. HP: 15/15 MP: 1/8
   238 | D:1      | Learned a level 2 spell: Searing Ray
   621 | D:1      | Reached XP level 3. HP: 19/19 MP: 3/10
  1178 | D:2      | Identified the +3 sling of Inuugih {flame, rElec rC+ SInv}
  1353 | D:2      | Reached XP level 4. HP: 24/24 MP: 8/11
  1546 | D:2      | Noticed Robin
  1608 | D:2      | Noticed Sigmund
  1703 | D:3      | Reached skill level 5 in Conjurations
  2085 | D:3      | Noticed Grinder
  2566 | D:4      | Found a radiant altar of Vehumet.
  2572 | D:4      | Noticed a phantom
  2589 | D:4      | Killed a phantom
  2590 | D:4      | Reached XP level 5. HP: 25/28 MP: 3/13
  2691 | D:4      | Became a worshipper of Vehumet
  2714 | D:4      | Learned a level 3 spell: Dazzling Flash
  2883 | D:5      | Entered Level 5 of the Dungeon
  3673 | D:4      | Noticed an ice beast
  3929 | D:5      | Noticed a phantom
  3944 | D:5      | Noticed a water moccasin
  4091 | D:2      | Killed Robin
  4223 | D:2      | Reached XP level 6. HP: 33/33 MP: 13/15
  4292 | D:2      | Killed Sigmund
  4293 | D:2      | Reached skill level 5 in Spellcasting
  4293 | D:2      | Reached skill level 1 in Hexes
  4293 | D:2      | Reached skill level 1 in Evocations
  4399 | D:2      | Reached * piety under Vehumet
  4399 | D:2      | Offered knowledge of Freeze by Vehumet.
  4402 | D:2      | Learned a level 1 spell: Freeze
  4845 | D:4      | Reached XP level 7. HP: 37/37 MP: 10/17
  4969 | D:5      | Noticed a troll
  5053 | D:5      | Reached skill level 5 in Stealth
  5296 | D:5      | Found a snail-covered altar of Cheibriados.
  5376 | D:5      | Reached skill level 5 in Dodging
  5592 | D:5      | Reached XP level 8. HP: 41/42 MP: 14/20
  5942 | D:6      | Found a blossoming altar of Fedhas.
  5942 | D:6      | Found a glowing golden altar of the Shining One.
  6046 | D:6      | Learned a level 4 spell: Fulminant Prism
  6537 | D:6      | Reached ** piety under Vehumet
  6608 | D:6      | Offered knowledge of Foxfire by Vehumet.
  6639 | D:6      | Learned a level 1 spell: Foxfire
  6732 | D:6      | Found a staircase to the Ecumenical Temple.
  6746 | Temple   | Entered the Ecumenical Temple
  6882 | D:6      | Reached skill level 1 in Fighting
  6947 | D:6      | Reached skill level 5 in Hexes
  6971 | D:6      | Reached skill level 1 in Fire Magic
  6993 | D:6      | Reached XP level 9. HP: 29/48 MP: 18/23
  7187 | D:6      | Identified the +12 quarterstaff of Ketzoaf {venom, Str+3}
  7997 | D:6      | Found a sparkling altar of Nemelex Xobeh.
  8026 | D:6      | Found a shimmering altar of Xom.
  8147 | D:6      | Reached skill level 5 in Evocations
  8736 | D:7      | Found Vupheqec's General Store.
  8744 | D:7      | Bought a scroll of blinking for 82 gold pieces
  8976 | D:7      | Offered knowledge of Static Discharge by Vehumet.
  9179 | D:7      | Found the amulet of Vitality {RegenMP++ Regen++}
  9355 | D:5      | Learned a level 3 spell: Confusing Touch
  9437 | D:5      | Reached skill level 1 in Staves
  9584 | D:4      | Reached *** piety under Vehumet
 10055 | D:7      | Reached XP level 10. HP: 54/54 MP: 24/24
 10224 | D:7      | Offered knowledge of Hailstorm by Vehumet.
 10282 | D:7      | Learned a level 3 spell: Hailstorm
 10975 | D:8      | Paralysed by a hornet for 2 turns
 10977 | D:8      | HP: 2/81 [poisoned by a hornet]
 10980 | D:8      | Mangled by a hornet

Illustrated notes

Levels and vault maps discovered:
D:1:      dpeg_arrival_long_road, layout_basic, nrook_mini_backslash,
          st_stairs_7
D:2:      layout_rooms, corexii_corridor_pit, chequers_serial_rivers_large_a,
          uniq_sigmund, uniq_robin
D:3:      layout_loops_ring, serial_park_tiny_2, chequers_serial_rivers_micro_d,
          uniq_grinder
D:4:      layout_gridville, nicolae_vehumet_radiance
D:5:      cheibrodos_barr_body, layout_basic, lemuel_doored_altar,
          nicolae_grassy_gnolls
D:6:      layout_basic, xom_confusion_cloud, nemelex_diamond_rough_becter,
          amethyst_overflow_temple_binary, minmay_temple_entry_water_ring,
          cheibrodos_sewer_entry_drain
D:7:      layout_layer_cave, serial_shops, nicolae_shop_tiny_statue_garden
D:8:      layout_cave_pods, special_room [special_room_orc]
Temple:   nicolae_temple_two_arcs

Skill      XL: |  1  2  3  4  5  6  7  8  9 10 |
---------------+-------------------------------+-----
Stealth        | 3 4 5 6 |  6.0
Dodging        | 3 4 5 6 7 |  7.6
Spellcasting   | 4 5 6 8 |  8.5
Conjurations   | 5 6 7 8 |  8.7
Hexes          | 2 3 5 |  5.9
Evocations     | 1 2 4 6 |  6.0
Fighting       | 1 2 |  2.7
Fire Magic     | 1 |  1.8
Staves         | 2 |  2.3
Ice Magic      | |  0.1

Action                     |  1- 3 |  4- 6 |  7- 9 | 10-12 || total
---------------------------+-------+-------+-------+-------++-------
  Melee: Whip              |     2 |       |       |       ||     2
         Quarterstaff      |       |       |    33 |    11 ||    44
   Fire: Sling             |     3 |       |     1 |       ||     4
   Cast: Magic Dart        |    67 |   108 |   128 |     7 ||   310
         Searing Ray       |       |     7 |    26 |     2 ||    35
         Dazzling Flash    |       |       |     2 |     1 ||     3
         Foxfire           |       |       |    81 |    10 ||    91
         Freeze            |       |       |     3 |       ||     3
         Fulminant Prism   |       |       |    10 |       ||    10
         Confusing Touch   |       |       |     1 |       ||     1
         Hailstorm         |       |       |       |     3 ||     3
  Evoke: Wand              |       |       |     5 |     9 ||    14
    Use: Scroll            |       |     7 |     6 |       ||    13
         Potion            |       |       |     5 |     5 ||    10
   Stab: Sleeping          |       |       |     1 |       ||     1
         Invisible         |       |       |       |     1 ||     1
 Armour: Robe              |       |     1 |       |       ||     1
         Animal skin       |       |     3 |    48 |     1 ||    52
         Skin              |       |       |       |     4 ||     4
         Steam dragon scal |       |       |       |     3 ||     3
  Dodge: Dodged            |     1 |    22 |   111 |    16 ||   150
